[Event "January 2 Late 2024"]
[Site "https://www.chess.com"]
[Date "2024.01.02"]
[Round "10"]
[White "th3d4rkness"]
[Black "Romero Ruscalleda, Josep"]
[Result "1-0"]
[Board "134"]
[TimeControl "180+1"]
[BlackFideId "2231859"]
[WhiteElo "2166"]
[BlackElo "2303"]
[BlackTeam "ESP"]
[WhiteClock "0:00:22"]
[BlackClock "0:00:06"]

1. d4 g6 2. c4 Bg7 3. Nc3 d6 4. e4 Nc6 5. Be3 e5 6. d5 Nce7 7. Qd2 f5 8. f3 Nf6 9. Bd3 O-O 10. Nge2 fxe4 11. fxe4 Ng4 12. O-O-O Nf2 13. Bxf2 Rxf2 14. g3 Qf8 15. Kb1 a6 16. Qe1 Bh3 17. Nf4 Rxb2+ 18. Kxb2 exf4 19. gxf4 Qxf4 20. Qd2 Qe5 21. Kc2 b5 22. cxb5 axb5 23. Rb1 Ra3 24. Rb3 Rxb3 25. Kxb3 b4 26. Nb5 c6 27. dxc6 Nxc6 28. Bc4+ Kh8 29. Bd5 Be6 30. Bxe6 Qxe6+ 31. Qd5 Qh3+ 32. Ka4 Qc8 33. Kb3 Nd4+ 34. Nxd4 Qc3+ 35. Ka4 Bxd4 36. Rf1 Qa3+ 37. Kb5 Qd3+ 38. Kxb4 Qxf1 39. Qxd4+ Kg8 40. Qd5+ Kg7 41. Qxd6 Qe1+ 42. Kc4 Qxe4+ 43. Qd4+ Qxd4+ 44. Kxd4 Kf7 45. a4 Ke7 46. Ke5 h6 47. a5 Kd7 48. a6 Kc7 49. Kf6 g5 50. Kg6 g4 51. Kxh6 Kb6 52. Kg5 Kxa6 53. Kxg4 Kb7 54. Kf5 Kc8 55. Kf6 Kd8 56. Kf7 Kd7 57. h4 Kd6 58. h5 Ke5 59. h6 Kf5 60. h7 1-0

[Event "January 2 Late 2024"]
[Site "https://www.chess.com"]
[Date "2024.01.02"]
[Round "10"]
[White "hoshiboshi"]
[Black "Kornyukov, Alexey"]
[Result "1-0"]
[Board "135"]
[TimeControl "180+1"]
[BlackFideId "4150457"]
[WhiteElo "2139"]
[BlackElo "2294"]
[BlackTeam "RUS"]
[WhiteClock "0:00:44"]
[BlackClock "0:00:00"]

1. e4 c5 2. Nf3 Nc6 3. Bb5 e6 4. O-O Nge7 5. Re1 a6 6. Bf1 Ng6 7. c3 Be7 8. d4 d6 9. a4 O-O 10. g3 d5 11. e5 cxd4 12. cxd4 f6 13. exf6 Bxf6 14. Be3 e5 15. dxe5 Ngxe5 16. Nxe5 Bxe5 17. Bg2 d4 18. Bd2 Qf6 19. f4 Bc7 20. Na3 Bf5 21. Nc4 d3 22. Bxc6 Qxc6 23. Ne5 Bxe5 24. Rxe5 Bh3 25. Qb3+ Kh8 26. Qd5 Qc2 27. Bc3 Rad8 28. Qxb7 d2 29. Rd5 1-0

[Event "January 2 Late 2024"]
[Site "https://www.chess.com"]
[Date "2024.01.02"]
[Round "10"]
[White "Carrillo Marval, Maria Angelica"]
[Black "Cueto, Jonny"]
[Result "0-1"]
[Board "136"]
[TimeControl "180+1"]
[WhiteFideId "3911853"]
[BlackFideId "3300145"]
[WhiteElo "2075"]
[BlackElo "2245"]
[WhiteTeam "PAN"]
[BlackTeam "BOL"]
[WhiteClock "0:01:47"]
[BlackClock "0:01:44"]

1. e4 e6 2. d4 d5 3. Nc3 Nf6 4. e5 Nfd7 5. Nce2 c5 6. c3 Nc6 7. Ng3 Qb6 8. Nf3 cxd4 9. cxd4 Bb4+ 10. Bd2 Nxd4 11. Nxd4 Qxd4 12. Bxb4 Qxb4+ 13. Qd2 Qxd2+ 14. Kxd2 Nxe5 15. Bb5+ Bd7 16. Be2 a6 17. b3 Rc8 18. h3 Ke7 19. f4 Nc6 20. Bd3 g6 21. Ne2 Nb4 22. Bb1 Bb5 23. Nd4 Nc6 24. Nxb5 axb5 25. Bd3 Nd4 26. b4 Kd6 27. Rac1 Ra8 28. Ke3 Nc6 29. Bxb5 Rxa2 30. Bxc6 bxc6 31. Rhg1 Rb8 32. Rb1 Ra4 33. b5 Rxb5 0-1

[Event "January 2 Late 2024"]
[Site "https://www.chess.com"]
[Date "2024.01.02"]
[Round "10"]
[White "Reinecke, Katharina"]
[Black "Doublekk14"]
[Result "0-1"]
[Board "137"]
[TimeControl "180+1"]
[WhiteFideId "12929727"]
[WhiteElo "2033"]
[BlackElo "2242"]
[WhiteTeam "GER"]
[WhiteClock "0:00:05"]
[BlackClock "0:00:11"]

1. d4 Nf6 2. c4 e6 3. Nf3 d5 4. g3 c5 5. cxd5 exd5 6. Bg2 Nc6 7. O-O Be7 8. dxc5 Bxc5 9. a3 O-O 10. b4 Bb6 11. Bb2 Be6 12. e3 Ne4 13. Nbd2 f5 14. Rc1 a6 15. Nb3 Nd6 16. Nc5 Bxc5 17. bxc5 Nc4 18. Qc2 Qe7 19. Nd4 Nxd4 20. exd4 f4 21. Rce1 Qf6 22. Bc1 f3 23. Bh1 Bh3 24. Be3 Bxf1 25. Kxf1 Rae8 26. Qd3 Nxe3+ 27. Rxe3 Rxe3 28. Qxe3 Qf5 29. Ke1 h5 30. Kd2 Rf6 31. Qe7 Kh7 32. Qxb7 Re6 33. Qb2 Re2+ 34. Kc3 Rxb2 35. Kxb2 Qe4 36. Kc3 Qe1+ 37. Kd3 Qxh1 38. Ke3 Qxh2 39. Kxf3 Qg2+ 40. Kf4 Qxf2+ 41. Kg5 Qf6+ 42. Kxh5 Qf5+ 43. Kh4 Qe4+ 44. g4 Qxd4 45. Kg5 Qxc5 46. a4 Qa3 47. a5 Qxa5 48. Kh4 Qc5 49. g5 d4 50. g6+ Kxg6 51. Kg4 Qf5+ 52. Kg3 d3 53. Kg2 d2 54. Kg3 d1=Q 55. Kg2 Qdf1+ 56. Kg3 Q5f3+ 57. Kh4 Q1h3# 0-1

[Event "January 2 Late 2024"]
[Site "https://www.chess.com"]
[Date "2024.01.02"]
[Round "10"]
[White "Burke, Paul"]
[Black "HouseOfDurin"]
[Result "0-1"]
[Board "138"]
[TimeControl "180+1"]
[WhiteFideId "2605767"]
[WhiteElo "1943"]
[BlackElo "2232"]
[WhiteTeam "CAN"]
[WhiteClock "0:00:00"]
[BlackClock "0:00:05"]

1. e4 c5 2. Nf3 Nc6 3. d4 cxd4 4. c3 dxc3 5. Nxc3 d6 6. Bc4 e6 7. O-O Be7 8. Qe2 Nf6 9. Rd1 Qa5 10. h3 O-O 11. Bg5 Ne5 12. Nxe5 Qxe5 13. Bxf6 Bxf6 14. f4 Qc5+ 15. Kh1 a6 16. e5 dxe5 17. Ne4 Qe7 18. Nxf6+ Qxf6 19. fxe5 Qh6 20. Rd6 b5 21. Bd3 Bb7 22. Be4 Bxe4 23. Qxe4 Rac8 24. Rad1 Rc1 25. Qd4 Rxd1+ 26. Qxd1 Qf4 27. Rxa6 Qxe5 28. Qd2 g6 29. Rd6 Rc8 30. Rd8+ Rxd8 31. Qxd8+ Kg7 32. Qd2 h5 33. a3 g5 34. Qb4 Kf6 35. Kg1 Qe3+ 36. Kh1 Qd3 37. Kg1 Ke5 38. Kh1 f5 39. Qc5+ Qd5 40. Qe3+ Kf6 41. Qc3+ Kg6 42. Qh8 Qd7 43. Qg8+ Kf6 44. Qh8+ Kg6 45. Qg8+ Kh6 46. Qh8+ Qh7 47. Qf6+ Qg6 48. Qf8+ Qg7 49. Qc5 Qxb2 50. Qf8+ Qg7 51. Qc5 Qa1+ 52. Kh2 Kg6 53. Qe7 Qf6 54. Qe8+ Qf7 55. Qh8 g4 56. h4 Qc7+ 57. Kg1 Qg7 58. Qe8+ Kf6 59. Qd8+ Ke5 60. Qb8+ Kd5 61. Qd8+ Ke4 62. Qd2 Qd4+ 63. Qxd4+ Kxd4 64. Kf2 e5 0-1

[Event "January 2 Late 2024"]
[Site "https://www.chess.com"]
[Date "2024.01.02"]
[Round "10"]
[White "Ivanov, Aleksandr"]
[Black "Sreyas Payyappat"]
[Result "0-1"]
[Board "139"]
[TimeControl "180+1"]
[WhiteFideId "2092980"]
[BlackFideId "46674969"]
[WhiteElo "2136"]
[BlackElo "2421"]
[WhiteTeam "USA"]
[BlackTeam "IND"]
[WhiteClock "0:00:05"]
[BlackClock "0:00:38"]

1. d4 Nf6 2. c4 c5 3. d5 e6 4. Nc3 exd5 5. cxd5 d6 6. e4 g6 7. f4 Bg7 8. Bb5+ Nfd7 9. a4 O-O 10. Nf3 Na6 11. O-O Nb4 12. Re1 a6 13. Bf1 Re8 14. h3 f5 15. e5 dxe5 16. d6 e4 17. Bc4+ Kh8 18. Ng5 Bd4+ 19. Be3 Qf6 20. Nd5 Nxd5 21. Bxd5 h6 22. Nf7+ Kg7 23. Ne5 Nxe5 24. fxe5 Qxe5 25. Qb3 f4 26. d7 Bxd7 27. Bxd4 Qxd4+ 28. Kh1 e3 29. Rad1 Qf6 30. Qxb7 Rad8 31. Bf3 Re7 32. Qb3 Be6 33. Rxd8 Bxb3 0-1

[Event "January 2 Late 2024"]
[Site "https://www.chess.com"]
[Date "2024.01.02"]
[Round "10"]
[White "Sanchez Alvares, Kelvin Antonio"]
[Black "Petersson, Kjell"]
[Result "1-0"]
[Board "140"]
[TimeControl "180+1"]
[WhiteFideId "3906680"]
[BlackFideId "1705148"]
[WhiteElo "2377"]
[BlackElo "2116"]
[WhiteTeam "VEN"]
[BlackTeam "SWE"]
[WhiteClock "0:00:12"]
[BlackClock "0:00:10"]

1. e4 c5 2. Nf3 d6 3. d4 cxd4 4. Nxd4 Nf6 5. Nc3 g6 6. Be3 Bg7 7. f3 Nc6 8. Qd2 O-O 9. O-O-O d5 10. exd5 Nxd5 11. Nxc6 bxc6 12. Bc4 Be6 13. Nxd5 cxd5 14. Bxd5 Rb8 15. Bb3 Qc8 16. Kb1 Qa6 17. Bd4 Rfd8 18. Qe3 Bxd4 19. Rxd4 Rxd4 20. Qxd4 Bxb3 21. axb3 Qb6 22. Qxb6 Rxb6 23. Re1 e6 24. Re4 Kf8 25. Kc1 Ke7 26. Kd2 f5 27. Rd4 e5 28. Ra4 a6 29. Rc4 Kd6 30. Ke3 g5 31. g3 h5 32. h3 Rb5 33. Rc8 Ke6 34. Rc6+ Kd5 35. Rxa6 Rc5 36. c4+ Rxc4 37. bxc4+ Kxc4 38. Ra5 f4+ 39. gxf4 exf4+ 40. Ke4 g4 41. hxg4 h4 42. Rh5 h3 43. Rxh3 Kb3 44. Kxf4 Kxb2 45. g5 Kc3 46. g6 Kc4 47. g7 Kd5 48. g8=Q+ Kd6 49. Qg5 Kd7 50. Rh6 1-0

[Event "January 2 Late 2024"]
[Site "https://www.chess.com"]
[Date "2024.01.02"]
[Round "10"]
[White "yujiarun18"]
[Black "Kubatko, Ivan"]
[Result "1-0"]
[Board "141"]
[TimeControl "180+1"]
[BlackFideId "24111473"]
[WhiteElo "2147"]
[BlackElo "2316"]
[BlackTeam "RUS"]
[WhiteClock "0:00:08"]
[BlackClock "0:00:03"]

1. e4 d5 2. exd5 Qxd5 3. Nc3 Qa5 4. Nf3 Nf6 5. Be2 Bg4 6. O-O Nc6 7. d3 e6 8. Be3 O-O-O 9. a3 Qf5 10. b4 h5 11. h3 Bxf3 12. Bxf3 Ne5 13. Be2 g5 14. Nb5 g4 15. Nxa7+ Kb8 16. Kh2 Bd6 17. f4 gxf3 18. g3 fxe2 19. Qxe2 Qg6 20. Nb5 Nd5 21. Bf2 Rdg8 22. Nxd6 cxd6 23. c4 Nf6 24. a4 Qxd3 25. Qxd3 Nxd3 26. b5 Ne4 27. Bd4 e5 28. Bb6 Nxg3 29. Rxf7 h4 30. a5 Ne4 31. a6 Nf4 32. Ra2 Rg2+ 33. Rxg2 Nxg2 34. Kxg2 Rg8+ 35. Kh2 bxa6 36. bxa6 Rc8 37. Rb7+ Ka8 38. Bc7 Nc5 39. Rb6 Rxc7 40. Rxd6 Nxa6 41. Rxa6+ Kb7 42. Ra4 Rc5 43. Kg2 Kc6 44. Kf3 Kd6 45. Ke4 Ke6 46. Ra6+ Kf7 47. Ra4 Rc6 48. Kd5 Rc8 49. c5 Kf6 50. c6 Kf5 51. Kd6 Rd8+ 52. Ke7 Rd3 53. Rc4 e4 54. c7 e3 55. c8=Q+ Ke5 56. Qe6# 1-0

[Event "January 2 Late 2024"]
[Site "https://www.chess.com"]
[Date "2024.01.02"]
[Round "10"]
[White "Sarquis, Maria Belen"]
[Black "Oliveira, Tiago Batista"]
[Result "1-0"]
[Board "142"]
[TimeControl "180+1"]
[WhiteFideId "111805"]
[BlackFideId "2108291"]
[WhiteElo "2234"]
[BlackElo "2028"]
[WhiteTeam "ARG"]
[BlackTeam "BRA"]
[WhiteClock "0:00:26"]
[BlackClock "0:00:00"]

1. e4 e5 2. Nf3 Nc6 3. Bc4 Bc5 4. d3 Nf6 5. O-O h6 6. Re1 d6 7. c3 Bb6 8. Nbd2 Bg4 9. Nf1 O-O 10. h3 Bh5 11. Ng3 Bg6 12. Nh4 Bh7 13. Nhf5 d5 14. Bb5 Ne7 15. Qf3 Nxf5 16. Nxf5 Bxf5 17. Qxf5 dxe4 18. dxe4 Qe7 19. a4 a6 20. Bc4 Rad8 21. a5 Ba7 22. Kh2 Qc5 23. Be3 Qxc4 24. Bxa7 Rd2 25. Rab1 Re8 26. Be3 Rd6 27. Bxh6 gxh6 28. Re3 Kf8 29. Rbe1 Qe6 30. Qf3 Ke7 31. Qg3 Rg8 32. Qh4 Rg6 33. Rf3 Kf8 34. Rf5 Rd2 35. Re3 Qd6 36. Ref3 1-0

[Event "January 2 Late 2024"]
[Site "https://www.chess.com"]
[Date "2024.01.02"]
[Round "10"]
[White "Guevara Sanchez, Erick Marvin"]
[Black "Smirnov, Timofey"]
[Result "1-0"]
[Board "143"]
[TimeControl "180+1"]
[WhiteFideId "6700136"]
[BlackFideId "24176427"]
[WhiteElo "2208"]
[BlackElo "1996"]
[WhiteTeam "ESA"]
[BlackTeam "RUS"]
[WhiteClock "0:01:44"]
[BlackClock "0:00:00"]

1. e4 e5 2. Nf3 Nf6 3. Nc3 Bb4 4. d3 d5 5. exd5 Nxd5 6. Bd2 Nxc3 7. bxc3 Bd6 8. Be2 O-O 9. O-O Nc6 10. Be3 Re8 11. Nd2 Qf6 12. Ne4 Qg6 13. Bf3 f5 14. Nxd6 cxd6 15. Re1 f4 16. Bc1 Qg5 17. d4 Bh3 18. Kh1 e4 19. Rxe4 Rxe4 20. Bxe4 Re8 21. Bxc6 bxc6 22. gxh3 Qd5+ 23. f3 Re6 24. Qd3 Rg6 25. Bxf4 Qf7 26. Bg3 Rf6 27. Re1 Rxf3 28. Re8+ Qxe8 29. Qxf3 1-0

[Event "January 2 Late 2024"]
[Site "https://www.chess.com"]
[Date "2024.01.02"]
[Round "10"]
[White "Thake, Conrad"]
[Black "Negron Lizarazo, Juan Sebastian"]
[Result "1-0"]
[Board "144"]
[TimeControl "180+1"]
[WhiteFideId "5602947"]
[BlackFideId "3936910"]
[WhiteElo "1876"]
[BlackElo "2175"]
[WhiteTeam "MLT"]
[BlackTeam "COL"]
[WhiteClock "0:00:09"]
[BlackClock "0:00:09"]

1. e4 c6 2. d4 d5 3. Nc3 dxe4 4. Nxe4 Bf5 5. Ng3 Bg6 6. Nf3 e6 7. h4 h6 8. h5 Bh7 9. Bd3 Bxd3 10. Qxd3 Nf6 11. Be3 Bd6 12. Ne4 Nxe4 13. Qxe4 Nd7 14. O-O-O Qc7 15. Rhe1 O-O-O 16. Nd2 Nf6 17. Qf3 Nd5 18. Nc4 Nxe3 19. Nxd6+ Rxd6 20. fxe3 Rhd8 21. Rf1 R8d7 22. Rd3 Qa5 23. Kb1 Rd5 24. Rfd1 Rb5 25. Ra3 Qb6 26. Rb3 Rxb3 27. axb3 Qa5 28. Qe2 Rd5 29. e4 Rxh5 30. d5 Re5 31. d6 Kd7 32. Qf3 f6 33. Qg4 Rg5 34. Qf3 Qe5 35. g4 h5 36. gxh5 Rxh5 37. Qg2 Rg5 38. Qf2 Qxe4 39. Qxa7 Rb5 40. Qb8 Qe2 41. Qc7+ Ke8 42. Qe7# 1-0

[Event "January 2 Late 2024"]
[Site "https://www.chess.com"]
[Date "2024.01.02"]
[Round "10"]
[White "Anna20240"]
[Black "Desideri, Ricardo Maruchi"]
[Result "0-1"]
[Board "145"]
[TimeControl "180+1"]
[BlackFideId "2110440"]
[WhiteElo "1853"]
[BlackElo "1987"]
[BlackTeam "BRA"]
[WhiteClock "0:00:00"]
[BlackClock "0:00:22"]

1. d4 Nf6 2. c4 c5 3. Nf3 cxd4 4. Nxd4 e6 5. g3 a6 6. Bg2 Nc6 7. Nc3 Be7 8. e4 O-O 9. O-O d6 10. Bg5 Nb8 11. Qc2 Nbd7 12. Rad1 Qc7 13. b3 b6 14. e5 dxe5 15. Nxe6 fxe6 16. Bxa8 Bb7 17. Bxb7 Qxb7 18. Bxf6 Nxf6 19. Rde1 Bd6 20. Ne4 Bc7 21. Nxf6+ Rxf6 22. Qe4 Qc8 23. Re3 Qf8 24. Rd1 Bd6 25. Re2 Bc5 26. Rf1 Rf5 27. Qb1 g5 28. Qe1 h5 29. Rxe5 h4 30. Rxf5 Qxf5 31. gxh4 gxh4 32. Qc3 Qg4+ 33. Kh1 Qe4+ 34. f3 Qe2 35. Rg1+ Bxg1 36. Kxg1 Qd1+ 37. Kf2 Qd6 38. Qe3 Qxh2+ 39. Ke1 Qg3+ 40. Kd2 e5 41. Kc3 Qf4 42. Qxb6 Qd4+ 43. Kb4 Qxb6+ 0-1

[Event "January 2 Late 2024"]
[Site "https://www.chess.com"]
[Date "2024.01.02"]
[Round "10"]
[White "Vargas, Mauricio"]
[Black "Gulamirian, Korun"]
[Result "1-0"]
[Board "146"]
[TimeControl "180+1"]
[WhiteFideId "4404572"]
[BlackFideId "4144899"]
[WhiteElo "1825"]
[BlackElo "1599"]
[WhiteTeam "COL"]
[BlackTeam "RUS"]
[WhiteClock "0:02:00"]
[BlackClock "0:01:06"]

1. e4 e5 2. Nf3 Nc6 3. d4 exd4 4. Bc4 Nf6 5. e5 d5 6. Bb5 Ne4 7. Nxd4 Bd7 8. Bxc6 bxc6 9. O-O Bc5 10. c3 O-O 11. f3 Ng5 12. Be3 Ne6 13. f4 Bxd4 14. cxd4 f5 15. Nd2 Rb8 16. b3 a5 17. Qh5 Be8 18. Qh3 g6 19. Rac1 Ng7 20. Nf3 Nh5 21. Ng5 h6 22. Ne6 Qe7 23. Nxf8 Kxf8 24. g4 fxg4 25. Qxg4 Kg7 26. f5 g5 27. f6+ Nxf6 28. exf6+ Qxf6 29. Rxf6 Kxf6 30. Rf1+ Kg7 1-0

[Event "January 2 Late 2024"]
[Site "https://www.chess.com"]
[Date "2024.01.02"]
[Round "11"]
[White "Nakamura, Hikaru"]
[Black "Paravyan, David"]
[Result "1-0"]
[Board "1"]
[TimeControl "180+1"]
[WhiteFideId "2016192"]
[BlackFideId "4194985"]
[WhiteElo "3281"]
[BlackElo "3121"]
[WhiteTeam "USA"]
[BlackTeam "FID"]
[WhiteClock "0:00:02"]
[BlackClock "0:00:00"]

1. Nf3 d5 2. g3 g6 3. d4 Bg7 4. Bg2 Nf6 5. O-O O-O 6. c4 dxc4 7. Na3 c5 8. dxc5 c3 9. Qb3 Ne4 10. Be3 cxb2 11. Rad1 Qa5 12. Bd4 Nc6 13. Bxg7 Kxg7 14. Nd4 Nxd4 15. Rxd4 Nf6 16. Qxb2 Qxc5 17. Rc1 Qb6 18. Rb4 Qe6 19. Nb5 Rb8 20. Nxa7 Bd7 21. Bxb7 Rfd8 22. a3 h5 23. Bf3 Rxb4 24. axb4 h4 25. Nc6 Bxc6 26. Bxc6 h3 27. b5 Qd6 28. Qb1 Ng4 29. b6 Qd4 30. Qa1 Qxa1 31. Rxa1 Rd2 32. Rb1 Ne5 33. Bb5 Rd8 34. b7 Rb8 35. Ba6 Kf6 36. Rc1 Ke6 37. Rc8 Nd7 38. f3 f5 39. Kf2 g5 40. g4 f4 41. Ke1 Kd6 42. Kd2 e5 43. Kc3 Kd5 44. Kb4 Kd4 45. Kb5 Kd5 46. Ka5 Kd6 47. Kb4 Kd5 48. Kb5 Kd6 49. Kc4 Nb6+ 50. Kd3 Nd7 51. Kd2 Kd5 52. e3 e4 53. fxe4+ Kxe4 54. exf4 Kxf4 55. Rc4+ Kf3 56. Ke1 Ne5 57. Rc3+ Kxg4 58. Re3 1-0

[Event "January 2 Late 2024"]
[Site "https://www.chess.com"]
[Date "2024.01.02"]
[Round "11"]
[White "Oparin, Grigoriy"]
[Black "Sarana, Alexey"]
[Result "0-1"]
[Board "2"]
[TimeControl "180+1"]
[WhiteFideId "24125890"]
[BlackFideId "24133795"]
[WhiteElo "3066"]
[BlackElo "3042"]
[WhiteTeam "USA"]
[BlackTeam "SRB"]
[WhiteClock "0:00:08"]
[BlackClock "0:00:17"]

1. Nf3 d5 2. g3 g6 3. c4 dxc4 4. Na3 Bg7 5. Nxc4 Be6 6. d3 Bxc4 7. dxc4 Qxd1+ 8. Kxd1 Nc6 9. a3 Nf6 10. Bg2 O-O-O+ 11. Kc2 Ne4 12. Rf1 Nd6 13. c5 Nb5 14. Be3 Nbd4+ 15. Nxd4 Nxd4+ 16. Bxd4 Rxd4 17. c6 bxc6 18. Rad1 Rc4+ 19. Kb1 Rc5 20. Rd2 e6 21. Rfd1 Be5 22. b4 Rc3 23. Rd3 Rxd3 24. Rxd3 Kb7 25. Rd7 Rf8 26. b5 Kb6 27. Bxc6 a6 28. a4 axb5 29. axb5 Bd6 30. Kc2 h5 31. Kd3 Kc5 32. h4 Be5 33. e3 Bd6 34. Ke2 Be5 35. Kf3 Bd6 36. Kg2 Kb6 37. f3 Kc5 38. g4 hxg4 39. fxg4 Rh8 40. Kh3 Rh7 41. g5 Kb6 42. Be4 Rg7 43. Bd3 Bc5 44. Bc4 Bf8 45. Kg4 f5+ 46. gxf6 Rxd7 47. Kg5 Rh7 48. Bxe6 Rh5+ 49. Kxg6 Rxh4 50. Bd7 Re4 51. Kf7 Bd6 52. Kg7 Rxe3 53. f7 Re5 54. Kf6 Rxb5 55. Bxb5 Kxb5 56. Ke6 Ba3 57. Kd5 c6+ 58. Kd4 Bf8 59. Ke5 c5 60. Kd5 c4 61. Ke6 c3 62. Kd7 0-1

[Event "January 2 Late 2024"]
[Site "https://www.chess.com"]
[Date "2024.01.02"]
[Round "11"]
[White "Bluebaum, Matthias"]
[Black "Caruana, Fabiano"]
[Result "0-1"]
[Board "3"]
[TimeControl "180+1"]
[WhiteFideId "24651516"]
[BlackFideId "2020009"]
[WhiteElo "3043"]
[BlackElo "3063"]
[WhiteTeam "GER"]
[BlackTeam "USA"]
[WhiteClock "0:00:12"]
[BlackClock "0:00:14"]

1. d4 Nf6 2. c4 e6 3. Nc3 Bb4 4. e3 O-O 5. Bd2 d5 6. Nf3 Nbd7 7. a3 Be7 8. cxd5 exd5 9. Bd3 c6 10. Qc2 Re8 11. Ne5 Nf8 12. O-O Ng4 13. Nf3 Bd6 14. h3 Nf6 15. Rfe1 Ng6 16. b4 a6 17. Rab1 Bd7 18. a4 Rc8 19. e4 dxe4 20. Nxe4 Nxe4 21. Bxe4 Be6 22. Ng5 Bd5 23. Bxd5 cxd5 24. Qf5 Rf8 25. b5 Be7 26. bxa6 bxa6 27. Nf3 Bf6 28. Rb7 Re8 29. Rxe8+ Qxe8 30. Qxd5 Ne7 31. Qb3 Nf5 32. Bg5 Nxd4 33. Nxd4 Bxg5 34. Nf3 Bf6 35. g3 g6 36. Kg2 Kg7 37. Qd5 Rd8 38. Qc4 Rd6 39. a5 Qe6 40. Qxe6 Rxe6 41. h4 h6 42. Rb6 Bc3 43. Rb7 Bxa5 44. Nd4 Rd6 45. Nb3 Bb6 46. Rb8 a5 47. Ra8 Rd3 48. Nc1 Rd2 49. Kf3 Rxf2+ 50. Ke4 Rg2 51. Kf3 Rc2 52. Nd3 Bc7 53. Rc8 Rc3 54. Ke4 Be5 55. Rxc3 Bxc3 56. g4 a4 57. Nc1 a3 58. Na2 Bb2 59. h5 Kf6 60. Nb4 gxh5 61. gxh5 Kg5 62. Na2 f5+ 63. Kf3 Kxh5 64. Nb4 Kg5 65. Nd3 h5 66. Nf4 a2 67. Ne6+ Kf6 68. Nf4 a1=Q 69. Nxh5+ Ke5 70. Nf4 Qf1+ 71. Kg3 Qxf4+ 72. Kh3 Qg4+ 73. Kh2 Bd4 74. Kh1 Qh3# 0-1

[Event "January 2 Late 2024"]
[Site "https://www.chess.com"]
[Date "2024.01.02"]
[Round "11"]
[White "Sanal, Vahap"]
[Black "Nihal Sarin"]
[Result "1-0"]
[Board "4"]
[TimeControl "180+1"]
[WhiteFideId "6300545"]
[BlackFideId "25092340"]
[WhiteElo "2914"]
[BlackElo "3209"]
[WhiteTeam "TUR"]
[BlackTeam "IND"]
[WhiteClock "0:00:12"]
[BlackClock "0:00:00"]

1. e4 c5 2. Nf3 d6 3. Bb5+ Bd7 4. Bxd7+ Nxd7 5. O-O Ngf6 6. Qe2 e6 7. b3 Be7 8. Bb2 O-O 9. c4 a6 10. d4 cxd4 11. Nxd4 Rc8 12. Nd2 Qa5 13. Rfe1 Rc7 14. h3 Rfc8 15. Nf1 Nf8 16. Ng3 Ng6 17. Rad1 h6 18. a4 Nd7 19. Nh5 Nf6 20. Ng3 Bf8 21. Kh1 Re8 22. Qe3 d5 23. Nf3 dxc4 24. Bxf6 gxf6 25. bxc4 Qxa4 26. Nh5 Bg7 27. c5 Rec8 28. Nh2 Rxc5 29. Nxg7 Kxg7 30. Ng4 Rh5 31. Qf3 f5 32. Ne3 Rg5 33. exf5 Nh4 34. Qxb7 Qc6 35. Qxc6 Rxc6 36. fxe6 Rxe6 37. Rf1 a5 38. Rd4 Ng6 39. Ra4 Ne7 40. Rfa1 Nc6 41. Rc4 Rb5 42. Rac1 Nb4 43. Rc7 Nd3 44. R1c2 a4 45. Ra7 Rb4 46. Kh2 h5 47. Rcc7 Rf6 48. Nd5 Rxf2 49. Nxb4 Nxb4 50. Rxa4 Nd5 51. Rc5 Ne3 52. Rg5+ Kh6 53. Raa5 f5 54. h4 f4 55. Rxh5+ Kg6 56. Rhg5+ Kf6 57. Ra6+ Kf7 58. Ra7+ Kf6 59. Ra4 Nf5 60. Ra6+ Nd6 61. Rxd6+ 1-0

[Event "January 2 Late 2024"]
[Site "https://www.chess.com"]
[Date "2024.01.02"]
[Round "11"]
[White "Brodsky, David"]
[Black "Radjabov, Teimour"]
[Result "0-1"]
[Board "5"]
[TimeControl "180+1"]
[WhiteFideId "2073250"]
[BlackFideId "13400924"]
[WhiteElo "2902"]
[BlackElo "3040"]
[WhiteTeam "USA"]
[BlackTeam "AZE"]
[WhiteClock "0:00:02"]
[BlackClock "0:00:22"]

1. e4 c5 2. Nf3 Nc6 3. d4 cxd4 4. Nxd4 e5 5. Nb5 d6 6. N1c3 a6 7. Na3 Be6 8. Nc4 Rb8 9. Be3 b5 10. Nd2 Nf6 11. a4 b4 12. Nd5 Nxd5 13. exd5 Bxd5 14. Bxa6 Be7 15. Nc4 Be6 16. Bb5 O-O 17. O-O Qc7 18. Qf3 Rfc8 19. Rfd1 f5 20. Qe2 Bf7 21. f4 Nd4 22. Bxd4 exd4 23. b3 Bf6 24. Ra2 Qc5 25. Kh1 g6 26. h3 Kg7 27. Rd2 Bd5 28. Kh2 h5 29. Nb2 Be4 30. Bd3 d5 31. a5 Qd6 32. Qf2 h4 33. a6 Bg5 34. g3 hxg3+ 35. Kxg3 Bf6 36. a7 Ra8 37. Ra6 Qe7 38. Na4 Bh4+ 0-1

[Event "January 2 Late 2024"]
[Site "https://www.chess.com"]
[Date "2024.01.02"]
[Round "11"]
[White "Melkumyan, Hrant"]
[Black "Svane, Rasmus"]
[Result "0-1"]
[Board "6"]
[TimeControl "180+1"]
[WhiteFideId "13302485"]
[BlackFideId "4657101"]
[WhiteElo "2909"]
[BlackElo "2999"]
[WhiteTeam "ARM"]
[BlackTeam "GER"]
[WhiteClock "0:00:00"]
[BlackClock "0:00:22"]

1. Nf3 d5 2. e3 Nf6 3. c4 e6 4. Nc3 dxc4 5. Bxc4 a6 6. O-O b5 7. Be2 Bb7 8. d3 Be7 9. b3 O-O 10. Bb2 c5 11. a4 b4 12. Nb1 Nc6 13. Nbd2 Na5 14. Rc1 Rc8 15. Qc2 Nd7 16. Rfd1 Bf6 17. Ne4 Bxb2 18. Qxb2 Qe7 19. Rc2 Rc7 20. Rdc1 Rfc8 21. Ned2 h6 22. h3 Nf6 23. Ne5 Nd7 24. Nxd7 Qxd7 25. Ne4 c4 26. bxc4 Bxe4 27. dxe4 b3 28. Rc3 Qxa4 29. c5 Rc6 30. Bd1 Rb8 31. e5 Qb4 32. Bf3 Rc7 33. c6 g6 34. g3 Rb5 35. Rd3 Nc4 36. Rd8+ Kg7 37. Qd4 Nxe5 0-1

[Event "January 2 Late 2024"]
[Site "https://www.chess.com"]
[Date "2024.01.02"]
[Round "11"]
[White "Pakleza, Zbigniew"]
[Black "Livaic, Leon"]
[Result "1/2-1/2"]
[Board "7"]
[TimeControl "180+1"]
[WhiteFideId "1119290"]
[BlackFideId "14531534"]
[WhiteElo "2839"]
[BlackElo "2924"]
[WhiteTeam "POL"]
[BlackTeam "CRO"]
[WhiteClock "0:00:03"]
[BlackClock "0:00:03"]

1. d4 Nf6 2. Nf3 b6 3. Bf4 Bb7 4. e3 g6 5. h3 Bg7 6. Be2 O-O 7. O-O d6 8. Nbd2 Nbd7 9. Bh2 Qe8 10. a4 a5 11. c3 e5 12. Qb3 Qe7 13. Rfd1 Kh8 14. Nc4 Ne4 15. Na3 Rae8 16. Nb5 Rc8 17. Rac1 f5 18. Bf1 g5 19. Nd2 Nxd2 20. Rxd2 f4 21. exf4 gxf4 22. Re1 Qg5 23. Qd1 Bxg2 24. Bxg2 f3 25. Bg3 fxg2 26. Kxg2 Rf7 27. Rde2 h5 28. Qd2 Qg6 29. h4 Qg4 30. Qg5 Qf3+ 31. Kh2 Nf6 32. Kg1 e4 33. d5 Qg4 34. Nd4 Qxg5 35. hxg5 Nxd5 36. Rxe4 Bxd4 37. Rxd4 Ne7 38. Rh4 Rh7 39. Re6 Nf5 40. Rh3 Rg8 41. f4 h4 42. Bf2 Kg7 43. Kg2 Rf8 44. b4 Kg8 45. bxa5 bxa5 46. Kf3 Ng7 47. Re7 Nh5 48. Rxh7 Rxf4+ 49. Ke3 Kxh7 50. Rxh4 Rxh4 51. Bxh4 Kg6 52. Kd4 c6 53. Kc4 Kf5 54. g6 Kxg6 55. Bd8 Kf5 56. Bxa5 Ke6 57. Bb6 Kd7 58. a5 Kc8 59. a6 Nf6 60. Kd4 Nd7 61. Ba5 Kb8 62. c4 Ka7 63. Bc7 Kxa6 64. Bxd6 Kb7 65. Be7 Kc7 66. Bb4 Nf6 67. Bd2 Kd7 68. Bf4 Ne8 69. Be5 Ke6 70. Bg3 Nf6 71. Kc5 Kd7 72. Be5 Ne4+ 73. Kd4 Ng5 74. Bg3 Ke6 75. Bf4 Nf7 76. Kc5 Kd7 77. Kb6 Nd6 78. Bxd6 Kxd6 79. Kb7 Kc5 80. Kc7 Kxc4 81. Kxc6 1/2-1/2

[Event "January 2 Late 2024"]
[Site "https://www.chess.com"]
[Date "2024.01.02"]
[Round "11"]
[White "Le, Tuan Minh"]
[Black "Lysyj, Igor"]
[Result "0-1"]
[Board "8"]
[TimeControl "180+1"]
[WhiteFideId "12401153"]
[BlackFideId "4150120"]
[WhiteElo "3027"]
[BlackElo "2846"]
[WhiteTeam "VIE"]
[BlackTeam "FID"]
[WhiteClock "0:00:20"]
[BlackClock "0:00:49"]

1. d4 d5 2. Nf3 Nf6 3. Bf4 Bf5 4. c4 e6 5. Nc3 Nbd7 6. e3 Bb4 7. Be2 dxc4 8. Bxc4 Nb6 9. O-O O-O 10. Bb3 Nfd5 11. Nxd5 exd5 12. Ne5 c6 13. Bc2 Bxc2 14. Qxc2 Bd6 15. Nd3 Bxf4 16. Nxf4 Nc4 17. Nd3 Nd6 18. Nc5 Qe7 19. Rac1 g6 20. Rfd1 h5 21. Qc3 Rae8 22. Qb4 h4 23. h3 Kg7 24. Rd3 g5 25. Rb3 Rb8 26. Re1 Rfe8 27. f3 b6 28. Nd3 Nc4 29. e4 Qxb4 30. Nxb4 Rbc8 31. Kf2 a5 32. Nd3 dxe4 33. Rxe4 Rxe4 34. fxe4 Rd8 35. Rc3 Rxd4 36. Kf3 Rxd3+ 0-1